 Dungeon Crawl Stone Soup version 0.27.1-3-gb3d3a73c9e (webtiles) character file.

Game seed: 11183132956551028432

684 wildpjah the Chopper (level 7, -9/61 HPs)
             Began as a Minotaur Fighter on Oct 19, 2021.
             Was a Follower of Okawaru.
             Mangled by a komodo dragon (23 damage)
             ... on level 5 of the Dungeon.
             The game lasted 00:13:52 (4408 turns).

wildpjah the Chopper (Minotaur Fighter)             Turns: 4408, Time: 00:13:53

Health: -9/61      AC:  8    Str: 21    XL:     7   Next: 35%
Magic:  6/6        EV:  8    Int:  5    God:    Okawaru [*.....]
Gold:   130        SH: 10    Dex: 11    Spells: 6/6 levels left

rFire    + . .     SeeInvis .   a - +0 war axe
rCold    + . .     Faith    .   c - +0 kite shield
rNeg     . . .     Spirit   .   b - +0 scale mail
rPois    .         Reflect  .   (helmet restricted)
rElec    .         Harm     .   i - scarf {rC+ rF+}
rCorr    .         Rampage  .   (no gloves)
Will     .....                  l - +0 pair of boots
Stlth    ..........             (no amulet)
HPRegen  0.20/turn              (no ring)
MPRegen  0.10/turn              (no ring)

@: no status effects
A: horns 2, retaliatory headbutt
a: Renounce Religion, Heroism


You were on level 5 of the Dungeon.
You worshipped Okawaru.
Okawaru was aware of your devotion.
You visited 2 branches of the dungeon, and saw 6 of its levels.

You collected 130 gold pieces.

Inventory:

Hand Weapons
 a - a +0 war axe (weapon)
Missiles
 q - 47 stones (quivered)
 r - a throwing net
 t - 4 javelins
 v - 3 boomerangs
Armour
 b - a +0 scale mail (worn)
 c - a +0 kite shield (worn)
 i - a scarf of resistance (worn)
 l - a +0 pair of boots (worn)
Wands
 s - a wand of iceblast (7)
 u - a wand of charming (11)
Scrolls
 e - a scroll of enchant armour {unknown}
 f - a scroll of amnesia
 m - a scroll of identify
 n - a scroll of holy word {unknown}
 o - a scroll of fog {unknown}
 w - a scroll of silence {unknown}
 x - a scroll of noise {unknown}
Potions
 d - 2 potions of might
 g - a potion of berserk rage {unknown}
 h - 2 potions of heal wounds
 j - a potion of invisibility {unknown}
 k - a potion of magic
 p - a potion of resistance {unknown}


   Skills:
 + Level 5.0 Fighting
 + Level 7.1 Axes
 + Level 1.2 Throwing
 + Level 5.7 Armour
 + Level 1.2 Dodging
 + Level 0.3 Stealth
 + Level 4.7 Shields


You had 6 spell levels left.
You didn't know any spells.
Your spell library contained the following spells:

 Spells                   Type           Power      Damage    Failure   Level
 Animate Skeleton         Necr           0%         N/A       99%         1
 Magic Dart               Conj           0%         1d3       99%         1
 Pain                     Necr           0%         1d4       99%         1
 Call Imp                 Summ           0%         N/A       100%        2
 Mephitic Cloud           Conj/Pois/Air  0%         N/A       100%        3
 Vampiric Draining        Necr           0%         2d6       100%        3


Dungeon Overview and Level Annotations

Branches:
Dungeon (5/15)             Temple (1/1) D:4

Altars:
Dithmenos
Elyvilon
Fedhas
Gozag
Hepliaklqana
Kikubaaqudgha
Nemelex Xobeh
Okawaru
Sif Muna
Trog
Uskayaw
Vehumet
Xom
Yredelemnul
The Shining One

Shops:
D:2 =   D:4 :   D:5 [


Innate Abilities, Weirdness & Mutations

You have a pair of horns on your head.
You reflexively headbutt those who attack you in melee.


Message History

A komodo dragon comes into view.
The komodo dragon hisses angrily.
Throw: 51 stones
Press: ? - help, Q - select action, (/) - cycle Shift-Dir - straight line, f - komodo dragon
Aim: a komodo dragon (65% to hit)
You throw a stone.
The stone hits the komodo dragon but does no damage.
Throw: 50 stones
Press: ? - help, Q - select action, (/) - cycle Shift-Dir - straight line, f/p - komodo dragon
Aim: a komodo dragon (65% to hit)
You throw a stone.
The stone barely misses the komodo dragon.
Throw: 49 stones
Press: ? - help, Q - select action, (/) - cycle Shift-Dir - straight line, f/p - komodo dragon
Aim: a komodo dragon (65% to hit)
You throw a stone.
The stone barely misses the komodo dragon.
Throw: 48 stones
Press: ? - help, Q - select action, (/) - cycle Shift-Dir - straight line, f/p - komodo dragon
Aim: a komodo dragon (65% to hit)
You throw a stone.
The stone barely misses the komodo dragon.
The komodo dragon bites you but does no damage.
You slash the komodo dragon!
The komodo dragon is lightly wounded.
The komodo dragon hisses menacingly.
The komodo dragon bites you!!
You hit the komodo dragon.
The komodo dragon is moderately wounded.
The komodo dragon bites you!
* * * LOW HITPOINT WARNING * * *
You are too injured to fight recklessly!
You are too injured to fight recklessly!
You are too injured to fight recklessly!
You slash the komodo dragon!
The komodo dragon is heavily wounded.
The komodo dragon bites you.
* * * LOW HITPOINT WARNING * * *
The komodo dragon bites you!!
You die...

......#..... #.
###........... .###(##
..#.......#...>. .......
......#...#..... ....#..
#.##.##.(###.##
.......###.....#........
........##.......#......
.......l###...........∩.
.......@.#.......###.#..
.........##.!...##......
...............##.......
.......#................
......##................
......#.................
..........[.........#..#
#..................#####
...)..............#...#


You could see a komodo dragon.

Vanquished Creatures
  A black bear (D:5)
  An ogre (D:4)
  2 scorpions
  A bullfrog zombie (D:5)
  A hound (D:4)
  A centaur skeleton (D:5)
  A gnoll shaman (D:4)
  2 iguanas (D:5)
  An orc wizard (D:3)
  A hound skeleton (D:4)
  4 gnolls
  6 adders
  An ufetubus (D:3)
  4 dart slugs
  11 orcs
  4 ball pythons (D:1)
  7 endoplasms
  3 giant cockroaches
  3 hobgoblins
  4 quokkas
  4 bats (D:1)
  2 frilled lizards (D:1)
  7 goblins
  9 kobolds
  5 rats
86 creatures vanquished.

Notes
Turn   | Place    | Note
-------+----------+-------------------------------------------
     0 | D:1      | wildpjah the Minotaur Fighter began the quest for the Orb.
     0 | D:1      | Reached XP level 1. HP: 19/19 MP: 0/0
   276 | D:1      | Reached XP level 2. HP: 24/27 MP: 1/1
   494 | D:1      | Reached XP level 3. HP: 33/33 MP: 2/2
   910 | D:1      | Reached skill level 3 in Axes
  1022 | D:2      | Found a shimmering altar of Xom.
  1240 | D:2      | Found Lyshrepn's Jewellery Shop.
  1278 | D:2      | Reached XP level 4. HP: 40/40 MP: 3/3
  1513 | D:2      | Found a faded altar of an unknown god.
  1767 | D:3      | Found a bloodstained altar of Trog.
  1773 | D:3      | Reached skill level 4 in Axes
  1867 | D:3      | Reached XP level 5. HP: 41/47 MP: 4/4
  2452 | D:4      | Reached skill level 5 in Armour
  2458 | D:4      | Reached skill level 5 in Axes
  2548 | D:4      | Found an ancient bone altar of Kikubaaqudgha.
  2613 | D:4      | Found a staircase to the Ecumenical Temple.
  2616 | D:4      | Noticed an ogre
  2624 | D:4      | Killed an ogre
  2625 | D:4      | Reached XP level 6. HP: 5/53 MP: 5/5
  2631 | Temple   | Entered the Ecumenical Temple
  2991 | Temple   | Became a worshipper of Warmaster Okawaru
  3218 | D:4      | Found a shimmering altar of Xom.
  3271 | D:4      | Found Duocs's Book Emporium.
  3628 | D:4      | Found a blossoming altar of Fedhas.
  3695 | D:4      | Reached skill level 1 in Dodging
  3962 | D:4      | Reached skill level 6 in Axes
  4068 | D:5      | Entered Level 5 of the Dungeon
  4088 | D:5      | Reached skill level 1 in Throwing
  4123 | D:5      | Reached XP level 7. HP: 60/60 MP: 6/6
  4126 | D:5      | Reached * piety under Okawaru
  4127 | D:5      | Reached skill level 5 in Fighting
  4227 | D:5      | Found Rintunis's Antique Armour Shop.
  4257 | D:5      | Reached skill level 7 in Axes
  4380 | D:5      | Found a basalt altar of Yredelemnul.
  4401 | D:5      | Noticed a komodo dragon
  4408 | D:5      | Mangled by a komodo dragon

Illustrated notes

Levels and vault maps discovered:
D:1:      dpeg_arrival_three_bigger_balls, layout_loops_ring, minmay_surrounded
D:2:      layout_loops_ring, dreamdust_ecumenical_altar_angels_and_demons,
          serial_shops, shop, basic_altar, st_stairs_6
D:3:      layout_basic, old_standard_altar, minmay_statues_item
D:4:      layout_basic, xom_teletrap_fun, mainiacjoe_overflow_surrounded_room,
          lemuel_tele_altar, minmay_temple_entry_sparse_star, serial_shops,
          kennysheep_little_box
D:5:      layout_cave_pools, nicolae_ashenzari_panopticon,
          mainiacjoe_overflow_large_starburst, serial_shops, shop, st_stairs_3,
          minmay_manual_monstrance
Temple:   zaba_magenta_temple

Skill      XL: |  1  2  3  4  5  6  7 |
---------------+----------------------+-----
Fighting       | 4 5 |  5.0
Armour         | 4 5 |  5.7
Shields        | 4 |  4.7
Axes           | 3 4 5 6 7 |  7.1
Dodging        | 1 |  1.2
Throwing       | 1 |  1.2
Stealth        | |  0.3

Action                   |  1- 3 |  4- 6 |  7- 9 || total
-------------------------+-------+-------+-------++-------
Melee: War axe           |    85 |    87 |    25 ||   197
       Headbutt          |    12 |    14 |     6 ||    32
Throw: Stone             |       |    25 |    13 ||    38
  Use: Scroll            |       |     6 |       ||     6
       Potion            |       |     4 |       ||     4
Armor: Scale mail        |    45 |    39 |    14 ||    98
Dodge: Dodged            |    31 |    24 |    16 ||    71
Block: Kite shield       |    40 |    45 |    14 ||    99
